Map: Ephemeron LE

Players

Serral - Winner!

  • Race: Zerg Zerg
  • Spawn Location: 11:00

Lambo

  • Race: Zerg Zerg
  • Spawn Location: 5:00

Event: IEM Katowice 2020

VOD

Have the link to the VOD?

Description

Time

  • Played on: Feb. 28, 2020, 10:03 a.m.
  • Length: 5:28

All games in this series

Show
View Real Time Build Order
Export as new Build Order

Serral Zerg - Winner!

Build Orders: Hatch First 

Get SALT Encoding   

  12  0:00  Drone  
  13  0:12  Overlord  
  13  0:17  Drone  
  14  0:30  Drone  
  14  0:31  Drone  
  16  0:48  Hatchery  
  15  0:51  Drone  
  15  0:55  Drone  
  17  0:58  Drone  
  18  1:09  Extractor  
  17  1:14  Spawning Pool  
  17  1:16  Drone  
  17  1:20  Drone  
  18  1:27  Drone  
  19  1:39  Drone  
  20  1:49  Drone  
  21  1:59  Overlord  
  21  2:00  Queen x2  
  26  2:01  Zergling x2  
  26  2:09  Metabolic Boost  
  26  2:10  Drone  
  26  2:12  Drone  
  28  2:21  Drone  
  28  2:22  Zergling x2  
  30  2:35  Hatchery  
  30  2:36  Drone  
  30  2:39  Drone  
  31  2:46  Baneling Nest  
  31  2:48  Drone  
  31  2:52  Overlord  
  31  2:54  Zergling x2  
  31  2:57  Drone  
  33  3:06  Zergling x4  
  33  3:11  Drone x4  
  39  3:14  Drone  
  39  3:19  Overlord  
  40  3:23  Zergling x2, Drone  
  42  3:29  Evolution Chamber  
  42  3:31  Drone  
  42  3:34  Queen  
  42  3:38  Drone  
  42  3:39  Baneling  
  42  3:41  Drone x2  
  47  3:48  Drone x2  
  49  3:49  Baneling x2  
  49  3:50  Zergling x4  
  49  3:55  Overlord  
  51  3:56  Drone  
  51  3:58  Drone  
  51  4:00  Drone  
  53  4:05  Roach Warren  
  52  4:10  Extractor  
  52  4:13  Overlord x2  
  51  4:24  Zergling x8  
  51  4:25  Zergling x2  
  50  4:36  Spine Crawler  
  49  4:44  Baneling  
  49  4:46  Roach  
  49  4:47  Roach x8  
  67  4:53  Roach x2  
  67  4:59  Roach x2  
  73  5:07  Baneling  
Show
View Real Time Build Order
Export as new Build Order

Lambo Zerg 

Build Orders: Hatch First 

Get SALT Encoding   

  12  0:00  Drone  
  13  0:12  Overlord  
  13  0:16  Drone  
  14  0:30  Drone x2  
  16  0:47  Hatchery  
  15  0:51  Drone  
  15  0:54  Drone  
  17  0:58  Drone  
  18  1:08  Extractor  
  17  1:12  Spawning Pool  
  17  1:15  Drone  
  17  1:20  Drone  
  18  1:28  Drone  
  19  1:38  Drone  
  20  1:49  Drone  
  21  1:59  Queen x2  
  21  2:00  Zergling x2, Overlord  
  26  2:08  Metabolic Boost  
  26  2:10  Drone x2  
  28  2:22  Drone x2  
  30  2:33  Hatchery  
  30  2:36  Zergling x2  
  30  2:39  Zergling x2  
  30  2:43  Drone  
  32  2:45  Drone  
  32  2:49  Baneling Nest  
  32  2:54  Overlord  
  32  2:56  Drone  
  33  3:07  Drone x2  
  33  3:10  Drone  
  36  3:13  Zergling x6  
  39  3:21  Roach Warren  
  39  3:24  Zergling x2  
  39  3:25  Overlord  
  39  3:39  Overlord  
  39  3:42  Overlord  
  39  3:58  Baneling  
  39  4:02  Roach x8  
  55  4:07  Roach  
  57  4:13  Roach  
  57  4:16  Zergling x10  
  64  4:28  Zergling x10  
  64  4:30  Zergling x2  
  69  4:35  Zergling x4  
  71  4:39  Baneling x2  
  71  4:40  Baneling  
  71  4:41  Zergling x4  
  73  4:49  Overlord  
  73  4:53  Baneling  
  73  4:55  Zergling x2  
  73  4:56  Overlord  
  74  5:05  Zergling x6  

Tags
 
Add a new tag
Caveats
  • Supply blocks, unpowered buildings, or Contaminate may cause inaccurate times.
  • Supply counts are checked every 10 seconds.